 Dungeon Crawl Stone Soup version 0.24.0-123-gd5b16e6ec5 (webtiles) character file.

Game seed: 8997337607922506998, levelgen mode: deterministic

298 Chiseanne the Covered (level 6, -17/47 HPs)
             Began as a Demonspawn Wanderer on Jan 24, 2020.
             Demolished by an ogre
             ... wielding a +0 giant club
              (20 damage)
             ... on level 5 of the Dungeon.
             The game lasted 00:06:21 (4083 turns).

Chiseanne the Covered (Demonspawn Wanderer)         Turns: 4083, Time: 00:06:21

Health: -17/47     AC: 12    Str: 12    XL:     6   Next: 13%
Magic:  6/6        EV: 12    Int: 15    God:
Gold:   148        SH:  0    Dex: 13    Spells: 5/5 levels left

rFire    . . .     SeeInvis .   a - +2 mace
rCold    . . .     Gourm    .   (no shield)
rNeg     . . .     Faith    .   p - +2 ring mail {rPois}
rPois    +         Spirit   .   (no helmet)
rElec    .         Reflect  .   (no cloak)
rCorr    +         Harm     .   h - +1 pair of gloves
MR       .....                  (no boots)
Stlth    +.........             (no amulet)
HPRegen  0.15/turn              l - ring of resist corrosion
MPRegen  0.10/turn              (no ring)

@: lethally poisoned (-17 -> -17)
A: claws 1, molten scales 2
a: no special abilities


You were on level 5 of the Dungeon.
You were hungry.

You visited 1 branch of the dungeon, and saw 5 of its levels.
You also visited: Ossuary.

You collected 148 gold pieces.

Inventory:

Hand Weapons
 a - a +2 mace (weapon)
 w - a +0 hunting sling
Missiles
 c - 43 arrows
 e - 171 stones (quivered)
 k - 22 bolts
 n - 4 javelins
Armour
 h - a +1 pair of gloves (worn)
 p - a +2 ring mail of poison resistance (worn)
Jewellery
 l - a ring of resist corrosion (left hand)
Scrolls
 m - a scroll of immolation
 s - 2 scrolls of remove curse
Potions
 b - a potion of lignification
 i - a potion of brilliance {unknown}
 j - a potion of mutation
 o - a potion of heal wounds {unknown}
 r - a potion of resistance {unknown}
 t - a potion of haste {unknown}
Comestibles
 f - 6 rations


   Skills:
 * Level 3.5 Fighting
 - Level 1.7(1.9) Maces & Flails
   Level 1.0(1.5) Staves
 * Level 3.6 Armour
 * Level 3.3 Dodging
 - Level 1.7 Stealth
   Level 1.0 Shields


You had 5 spell levels left.
You didn't know any spells.
Your spell library was empty.

Dungeon Overview and Level Annotations

Branches:
Dungeon (5/15)            Ossuary (visited)
 Temple: D:4-7

Altars:
Okawaru
Qazlal
Vehumet
Yredelemnul
The Shining One


Innate Abilities, Weirdness & Mutations

You have sharp fingernails.
You are mostly covered in molten scales. (AC +3)


Message History

You thump something!
Reactivating autopickup.
You feel a bit more experienced.
It was a potion of ambrosia.
You are confused.
You feel invigorated.
You feel sick. The ogre barely misses you.
You bump into the rock wall.
The ogre closely misses you.
You hit the ogre.
The ogre is lightly wounded.
You feel less invigorated.
You feel less confused. The ogre hits you with a +0 giant club!
You thump the ogre!
The ogre is moderately wounded.
You feel sick.
The ogre hits you with a +0 giant club!!
* * * LOW HITPOINT WARNING * * *
You feel sick.
The ogre hits you with a +0 giant club!!
You die...

###....# ###.## ###
# ## #### .# ######
#..# .#####....#
#@O#
....##....######..##
......>.(.(.(()....#
...........######.##
...........## ###
...###......# .###
##.....#
o..##8###...#
##..'._⌠##..#


You could see an ogre.

Vanquished Creatures
  A hound (D:2)
  2 orc priests
  An orc wizard (D:5)
  A worker ant (D:4)
  4 adders
  2 oozes
  2 worms (D:2)
  4 dart slugs
  4 leopard geckos
  13 orcs
  4 bats
  6 giant cockroaches
  7 hobgoblins
  8 jackals
  3 kobolds
  3 quokkas
  A ball python (D:1)
  6 frilled lizards
  8 goblins
  2 rats
82 creatures vanquished.

Vanquished Creatures (others)
  2 withered plants (Ossuary)
2 creatures vanquished.

Grand Total: 84 creatures vanquished

Notes
Turn   | Place    | Note
-------+----------+-------------------------------------------
     0 | D:1      | Chiseanne the Demonspawn Wanderer began the quest for the
                  | Orb.
     0 | D:1      | Chiseanne set off with the following items: a +2 mace, a +0
                  | shortbow, 22 arrows, a +0 ring mail, a +0 dagger, a ration
     0 | D:1      | Reached XP level 1. HP: 15/15 MP: 1/1
   369 | D:1      | Gained mutation: You are partially covered in molten
                  | scales. (AC +2) [demonic ancestry]
   369 | D:1      | Reached XP level 2. HP: 13/21 MP: 2/2
   725 | D:2      | Reached XP level 3. HP: 19/27 MP: 3/3
  1167 | D:2      | Gained mutation: You have sharp fingernails. [demonic
                  | ancestry]
  1167 | D:2      | Reached XP level 4. HP: 15/33 MP: 4/4
  1485 | D:2      | Found a glowing golden altar of the Shining One.
  2152 | D:2      | Gained mutation: You are mostly covered in molten scales.
                  | (AC +3) [demonic ancestry]
  2152 | D:2      | Reached XP level 5. HP: 7/40 MP: 5/5
  3061 | D:4      | Found a sand-covered staircase.
  3081 | Ossuary  | Entered an ossuary
  3285 | D:4      | Found an iron altar of Okawaru.
  3574 | D:4      | Found a radiant altar of Vehumet.
  3719 | D:4      | Reached XP level 6. HP: 47/47 MP: 6/6
  3902 | D:5      | Entered Level 5 of the Dungeon
  4014 | D:5      | Found a stormy altar of Qazlal.
  4014 | D:5      | Found a basalt altar of Yredelemnul.
  4083 | D:5      | Demolished by an ogre

Levels and vault maps discovered:
D:1:      dpeg_arrival_tiny_a, layout_basic, minmay_pentomino_q2
D:2:      layout_basic, old_standard_altar
D:3:      layout_rooms
D:4:      layout_loops_ring, old_standard_altar, first_ration,
          nicolae_ossuary_entry_plus, grunt_ministairs_14, okawaru_trees_1
D:5:      layout_cave_pods, kennysheep_mini_moat,
          gammafunk_temple_overflow_wave, temple_green,
          cheibrodos_sewer_entry_bend, minmay_fractal_squares_diagonal_5

Skill      XL: |  1  2  3  4  5 |
---------------+----------------+-----
Armour         | 2 3 |  3.6
Fighting       | 2 3 |  3.5
Dodging        | 2 3 |  3.3
Maces & Flails | |  1.7
Staves         | |  1.0
Stealth        | |  1.7
Shields        | |  1.0

Action                   |  1- 3 |  4- 6 || total
-------------------------+-------+-------++-------
Melee: Mace              |   106 |   235 ||   341
 Fire: Hunting sling     |       |    12 ||    12
Throw: Stone             |       |     1 ||     1
  Use: Scroll            |     5 |     3 ||     8
       Potion            |       |     1 ||     1
 Stab: Sleeping          |     1 |     1 ||     2
  Eat: Chunk             |     1 |     9 ||    10
Armor: Ring mail         |    84 |   153 ||   237
Dodge: Dodged            |   116 |   177 ||   293
